 Dungeon Crawl Stone Soup version 0.30-a0-726-gd89dcf765f (webtiles) character file.

Game seed: 11730557959465762110

61 hikkokomori the Slasher (level 4, -2/27 HPs)
             Began as a Tengu Gladiator on Jan 29, 2023.
             Slain by Grinder (3 damage)
             ... while paralysed by Grinder
             ... on level 3 of the Dungeon.
             The game lasted 00:02:06 (2212 turns).

hikkokomori the Slasher (Tengu Gladiator)           Turns: 2212, Time: 00:02:07

Health: -2/27      AC:  3    Str: 22    XL:     4   Next: 7%
Magic:  5/5        EV:  2    Int:  8    God:
Gold:   99         SH:  0    Dex: 16    Spells: 3/3 levels left

rFire   + . .      SeeInvis .    a - +0 long sword
rCold   . . .      Faith    .    (no shield)
rNeg    . . .      Spirit   .    b - +0 leather armour
rPois   .          Reflect  .    c - +0 hat
rElec   +          Harm     .    (no cloak)
rCorr   .          Rampage  .    (no gloves)
Will    .....                    (boots unavailable)
Stlth   ++                       (no amulet)
HPRegen 0.24/turn                q - ring "Lyherph" {Wiz rElec Will- Str+8 Dex-2}
MPRegen 0.09/turn                o - ring of protection from fire

@: paralysed
A: beak, talons 3
a: no special abilities


You were on level 3 of the Dungeon.
You visited 1 branch of the dungeon, and saw 3 of its levels.

You collected 99 gold pieces.

Inventory:

Hand Weapons
 a - a +0 long sword (weapon)
Missiles
 d - 3 throwing nets (quivered)
 e - a javelin
 j - 2 boomerangs of dispersal
Armour
 b - a +0 leather armour (worn)
 c - a +0 hat (worn)
Jewellery
 o - a ring of protection from fire (right hand)
 q - the ring "Lyherph" (left hand) {Wiz rElec Will- Str+8 Dex-2}
   (You found it on level 3 of the Dungeon)

   [ring of wizardry]

   It improves your spell success rate.
   Str:       It affects your strength (+8).
   Dex:       It affects your dexterity (-2).
   rElec:     It insulates you from electricity.
   Will:      It decreases your willpower.
Scrolls
 f - a scroll of identify {unknown}
 h - 2 scrolls of blinking
 k - a scroll of magic mapping {unknown}
 n - 2 scrolls of poison {unknown}
Potions
 g - a potion of magic {unknown}
 i - a potion of resistance {unknown}
 l - 2 potions of heal wounds {unknown}
 m - 2 potions of cancellation {unknown}
 p - 3 potions of brilliance {unknown}
 r - a potion of degeneration {unknown}
 s - a potion of flight {unknown}
 t - a potion of berserk rage {unknown}
 u - a potion of lignification {unknown}


   Skills:
 + Level 2.6 Fighting
 + Level 3.9 Long Blades
 - Level 2.0 Throwing
 + Level 3.9 Dodging
 + Level 1.7 Stealth


You had 3 spell levels left.
You didn't know any spells.
Your spell library was empty.

Dungeon Overview and Level Annotations

Branches:
Dungeon (3/15)

Altars:

Annotations:
D:3 Grinder


Innate Abilities, Weirdness & Mutations

You have a beak for a mouth.
You have claws for feet.


Message History

No target in view!
No target in view!
No target in view!
No target in view!
No target in view!
No target in view!
No target in view!
No target in view!
No target in view!
No target in view!
No target in view!
No target in view!
No target in view!
Grinder comes into view.
Grinder is nearby!
Grinder is nearby!
Okay, then.
Unknown command.
Grinder shouts!
Okay, then.
You slash Grinder! Your kick misses Grinder.
Grinder is lightly wounded.
Grinder hits you.
You writhe in agony.
You hit Grinder but do no damage.
Grinder is lightly wounded.
Grinder hits you.
You writhe in agony.
You hit Grinder. Your kick misses Grinder. You peck Grinder.
Grinder is moderately wounded.
Grinder misses you.
You closely miss Grinder. You claw Grinder.
Grinder is heavily wounded.
Grinder gestures at you.
You suddenly lose the ability to move!
Grinder says, "There's only one good use for a tongue: cutting it out."
Grinder hits you!
You writhe in agony.
* * * LOW HITPOINT WARNING * * *
Grinder hits you.
* * * LOW HITPOINT WARNING * * *
Grinder hits you.
You die...

#.#####.###.# ..........
.#+## ......#.####....
......# ......
##.#########....##
.................# .#.#######
#.....# .#.# #....5# .#.# #@#
.#.# #.# ##.# #.# ...# #.#
#### #.# #.############
#............#
##########################.##
......................# #.#


You could see Grinder.

Vanquished Creatures
  An adder (D:3)
  A worm (D:3)
  2 dart slugs (D:1)
  4 orcs (D:3)
  3 endoplasms (D:1)
  4 goblins (D:1)
  3 hobgoblins
  3 jackals (D:2)
  A quokka (D:2)
  3 ball pythons (D:1)
  4 bats (D:1)
  2 frilled lizards (D:1)
  2 kobolds
  9 rats
42 creatures vanquished.

Vanquished Creatures (others)
  A plant (D:2)
1 creature vanquished.

Grand Total: 43 creatures vanquished

Notes
Turn   | Place    | Note
-------+----------+-------------------------------------------
     0 | D:1      | hikkokomori the Tengu Gladiator began the quest for the
                  | Orb.
     0 | D:1      | Reached XP level 1. HP: 12/12 MP: 2/2
   235 | D:1      | Reached XP level 2. HP: 17/17 MP: 3/3
   328 | D:1      | Reached skill level 1 in Stealth
   764 | D:1      | Reached XP level 3. HP: 22/22 MP: 4/4
  1915 | D:3      | Reached XP level 4. HP: 25/27 MP: 5/5
  2050 | D:3      | Identified the ring "Lyherph" {Wiz rElec Will- Str+8 Dex-2}
  2192 | D:3      | Noticed Grinder
  2209 | D:3      | Paralysed by Grinder for 4 turns
  2211 | D:3      | HP: 1/27 [Grinder (6)]
  2212 | D:3      | Slain by Grinder

Illustrated notes

Levels and vault maps discovered:
D:1:      dpeg_cavernosity, layout_basic, minmay_crystal_room, minmay_distorted
D:2:      layout_basic, corexii_shack
D:3:      layout_basic, ebering_ecumenical_altar_webs, uniq_ijyb, uniq_grinder

Skill      XL: |  1  2 |
---------------+-------+-----
Stealth        | 1 |  1.7
Fighting       | |  2.6
Long Blades    | |  3.9
Throwing       | |  2.0
Dodging        | |  3.9

Action                     |  1- 3 |  4- 6 || total
---------------------------+-------+-------++-------
  Melee: Long sword        |    83 |     8 ||    91
         Kick              |    21 |     2 ||    23
         Peck              |    14 |     1 ||    15
         Punch             |     1 |       ||     1
    Use: Scroll            |     1 |       ||     1
   Stab: Sleeping          |     4 |     1 ||     5
         Distracted        |     1 |       ||     1
 Armour: Leather armour    |    30 |       ||    30
  Dodge: Dodged            |    50 |     2 ||    52

Table legend: (Time is in decaauts)
 A = Elapsed time spent in this place.
 B = Non-inter-level travel time spent in this place.
 C = Inter-level travel time spent in this place.
 D = Time resting spent in this place.
 E = Time spent auto-exploring this place.
 F = Levels seen in this place.
 G = Mean time per level.
                   A        B        C        D        E       F      G
               +--------+--------+--------+--------+--------+-----+--------+
         Total |   2231 |   2080 |    151 |     99 |   1689 |   3 |  743.7 |
       Dungeon |   2231 |   2080 |    151 |     99 |   1689 |   3 |  743.7 |
               +--------+--------+--------+--------+--------+-----+--------+

Top non-repeatable levels by time:
     D:1: 1100 daAuts
     D:2: 617 daAuts
     D:3: 513 daAuts
